 Dungeon Sprint DCSS version 0.30.0-29-ga12c61a403 (webtiles) character file.

Game seed: 17581332351566394247

56 Revguard the Cleaver (level 7, 0/67 HPs)
             Began as a Hill Orc Fighter on June 19, 2023.
             Was a Priest of Beogh.
             Slain by an orange demon (4 damage)
             ... in the Dungeon (Sprint VI: "Thunderdome").
             The game lasted 00:06:05 (392 turns).

Revguard the Cleaver (Hill Orc Fighter)              Turns: 392, Time: 00:06:05

Health: 0/67       AC:  7    Str: 21    XL:     7   Next: 41%
Magic:  12/12      EV: 11    Int:  8    God:    Beogh [***...]
Gold:   160        SH:  5    Dex: 10    Spells: 6/6 levels left

rFire   . . .        e - +0 broad axe
rCold   . . .        c - +0 buckler
rNeg    . . .        b - +0 scale mail
rPois   .            (no helmet)
rElec   .            (no cloak)
rCorr   .            (no gloves)
SInv    .            (no boots)
Will    .....        (no amulet) Stlth
                     (no ring)
HPRegen 0.31/turn    (no ring)
MPRegen 0.13/turn

%: no teleportation
@: lethally poisoned (0 -> -13)
A: no striking features
a: Renounce Religion, Smiting


You were in the Dungeon.
You worshipped Beogh.
Beogh was most pleased with you.
You visited 1 branch You collected 280 gold pieces.
You spent 120 gold pieces at shops.

Inventory:

Hand Weapons
 a - a +0 war axe
 e - a +0 broad axe (weapon)
Armour
 b - a +0 scale mail (worn)
 c - a +0 buckler (worn)
Wands
 k - a wand of iceblast (5)
 l - a wand of quicksilver (4)
Scrolls
 j - 4 scrolls of blinking
 m - 3 scrolls of fog
Potions
 d - a potion of might
 f - 4 potions of heal wounds
 g - 4 potions of haste
 h - 2 potions of magic
 i - a potion of berserk rage
 n - a potion of resistance


   Skills:
 + Level 7.9 Fighting
 + Level 8.2 Axes
 + Level 7.2 Armour
 + Level 4.6 Dodging
 + Level 7.2 Shields
 + Level 7.5 Invocations
 + Level 5.7 Evocations


You had 6 spell levels left.
You didn't know any spells.
Your spell library was empty.

Dungeon Overview and Level Annotations

Branches:
Dungeon (1/1)

Altars:
Cheibriados
Dithmenos
Fedhas
Gozag
Kikubaaqudgha
Makhleb
Okawaru
Qazlal
Ru
Sif Muna
Trog
Uskayaw
Vehumet
Wu Jian
Xom
Yredelemnul
Zin
The Shining One
Beogh
Lugonu

Shops:
D *[??*?*:[((!!!!


Message History

You are poisoned.
The orange demon poisons you!
The orange demon hits you but does no damage.
You slash the orange demon!
The orange demon is heavily wounded.
You feel very sick.
The orange demon stings you but does no damage.
The orange demon barely misses you.
You hit the orange demon but do no damage.
The orange demon is heavily wounded.
You feel very sick.
The orange demon stings you but does no damage.
The orange demon hits you but does no damage.
The orange demon misses you. The orange demon closely misses you.
You hit the orange demon but do no damage.
The orange demon is heavily wounded.
You feel very sick. The orange demon barely misses you.
The orange demon hits you.
You slash the orange demon!
The orange demon is severely wounded.
You feel sick. The orange demon stings you!
You are more poisoned.
The orange demon poisons you!
The orange demon hits you but does no damage.
You barely miss the orange demon.
The orange demon is severely wounded.
You feel very sick. The orange demon barely misses you.
The orange demon hits you but does no damage.
You hit the orange demon.
The orange demon is severely wounded.
* * * LOW HITPOINT WARNING * * *
You feel very sick. The orange demon stings you!
* * * LOW HITPOINT WARNING * * *
The orange demon hits you but does no damage.
The orange demon stings you.
* * * LOW HITPOINT WARNING * * *
The orange demon hits you.
You die...

........).###...###..........⌠#
....[........###.............##
##∩........8.# #.8........∩###
##∩___......###.......__∩##
######.8.........8.######
#⌠[..........⌠# ###........÷###
#_......._# #_.....@._#
#......4..# #∩.......∩#
##∩.....∩## ##.....## ##⌠⌠⌠##
#####


You could see an orange demon.

Vanquished Creatures
  A rust devil (D)
  Sigmund (D)
  2 scorpions (D)
  2 worms (D)
  An orc (D)
  A ball python (D)
  An endoplasm (D)
  2 giant cockroaches (D)
  A goblin (D)
  A hobgoblin (D)
13 creatures vanquished.

Notes
Turn   | Place    | Note
-------+----------+-------------------------------------------
     0 | D        | Revguard the Hill Orc Fighter began the quest for the Orb.
     0 | D        | Reached XP level 1. HP: 19/19 MP: 1/1
     1 | D        | Found a glowing golden altar of the Shining One.
     2 | D        | Found a hide-covered altar of Uskayaw.
     2 | D        | Found an iron altar of Okawaru.
     3 | D        | Found a snail-covered altar of Cheibriados.
     3 | D        | Found a shadowy altar of Dithmenos.
     4 | D        | Found Qiluvil's Distillery.
     4 | D        | Found a blossoming altar of Fedhas.
     4 | D        | Found Plog's Do-It-Yourself Clinic.
     5 | D        | Found Karuduw's Distillery.
     5 | D        | Found Sarawn's Bottled Wisdom.
     5 | D        | Round 1.
     8 | D        | Found a roughly hewn altar of Beogh.
     9 | D        | Found an opulent altar of Gozag.
    11 | D        | Found Beptar's Weapon Rack.
    12 | D        | Found Ufymom's Basic Armour.
    12 | D        | Found Iluj Tia's Miscellaneous Merchandise.
    16 | D        | Became a worshipper of Beogh the Brigand
    19 | D        | Found a burning altar of Makhleb.
    19 | D        | Found a sacrificial altar of Ru.
    19 | D        | Found Runuex's Premium Goods.
    23 | D        | Found a shimmering altar of Xom.
    24 | D        | Found an ancient bone altar of Kikubaaqudgha.
    25 | D        | Found an ornate altar of the Wu Jian Council.
    26 | D        | Found Caaruull's Identification Station.
    26 | D        | Found a shimmering blue altar of Sif Muna.
    26 | D        | Found a stormy altar of Qazlal.
    26 | D        | Found a bloodstained altar of Trog.
    27 | D        | Found Xikk's Advanced Armour.
    27 | D        | Found Dotukkir's Jewellery.
    29 | D        | Reached skill level 3 in Axes
    29 | D        | Reached skill level 1 in Invocations
    30 | D        | Noticed Sigmund
    33 | D        | Reached * piety under Beogh
    39 | D        | Killed Sigmund
    40 | D        | Reached skill level 5 in Axes
    40 | D        | Reached skill level 5 in Armour
    40 | D        | Reached skill level 5 in Shields
    40 | D        | Reached skill level 5 in Invocations
    40 | D        | Reached XP level 2. HP: 15/30 MP: 1/5
    40 | D        | Reached XP level 3. HP: 19/37 MP: 1/6
    40 | D        | Reached XP level 4. HP: 23/44 MP: 1/7
    40 | D        | Reached XP level 5. HP: 26/50 MP: 1/8
    49 | D        | Found a corrupted altar of Lugonu.
    52 | D        | Found a radiant altar of Vehumet.
    53 | D        | Found a basalt altar of Yredelemnul.
    53 | D        | Found Giho Yvu's Magic Scroll Shop.
    54 | D        | Found Limpu's Magic Scroll Shop.
    54 | D        | Found Ysugen's Must-Have Magic.
    55 | D        | Found a glowing silver altar of Zin.
    55 | D        | Found Xiump's Staff Store.
    94 | D        | Reached ** piety under Beogh
    94 | D        | Arena points: 14 (+14) [x2]
   110 | D        | Bought a +0 broad axe for 120 gold pieces
   132 | D        | Round 2.
   172 | D        | Reached skill level 6 in Axes
   172 | D        | Reached XP level 6. HP: 51/58 MP: 8/10
   260 | D        | Reached *** piety under Beogh
   276 | D        | Arena points: 56 (+42) [x3]
   335 | D        | Round 3.
   335 | D        | Noticed a rust devil
   341 | D        | Killed a rust devil
   342 | D        | Reached skill level 8 in Axes
   342 | D        | Reached skill level 5 in Evocations
   342 | D        | Reached XP level 7. HP: 57/67 MP: 10/12
   377 | D        | Noticed an orange demon
   392 | D        | Slain by an orange demon

Illustrated notes

Levels and vault maps discovered:
D:        arena_sprint

Skill      XL: |  1  2  3  4  5  6 |
---------------+-------------------+-----
Axes           | 5 6 8 |  8.2
Invocations    | 5 7 |  7.5
Fighting       | 6 7 |  7.9
Armour         | 5 7 |  7.2
Dodging        | 3 4 |  4.6
Shields        | 5 7 |  7.2
Evocations     | 3 4 5 |  5.7

Action                     |  1- 3 |  4- 6 |  7- 9 || total
---------------------------+-------+-------+-------++-------
  Melee: War axe           |     4 |     7 |       ||    11
         Broad axe         |       |    21 |     9 ||    30
  Evoke: Wand              |     1 |       |       ||     1
    Use: Potion            |     1 |       |       ||     1
 Armour: Scale mail        |     1 |     5 |     8 ||    14
  Dodge: Dodged            |       |    11 |     9 ||    20
  Block: Buckler           |       |     5 |     1 ||     6
